 Dungeon Crawl Stone Soup version 0.31.0-11-ge490571c62 (webtiles) character file.

Game seed: 1603741510823610411

74 Drazool the Ruffian (level 4, -2/38 HPs)
             Began as a Naga Shapeshifter on Jan 30, 2024.
             Was a Believer of Sif Muna.
             Slain by a mummy (7 damage)
             ... in an ossuary.
             The game lasted 00:04:45 (1587 turns).

Drazool the Ruffian (Naga Shapeshifter)             Turns: 1587, Time: 00:04:45

Health: -2/38      AC:  2    Str: 16    XL:     4   Next: 30%
Magic:  4/4        EV:  9    Int: 13    God:    Sif Muna [**....]
Gold:   94         SH:  0    Dex: 10    Spells: 3/3 levels left

rFire   . .          .
                       - Unarmed
rCold   . . .        (no shield)
rNeg    . . .        a - +0 animal skin
rPois   +            (helmet currently unavailable)
rElec   .            (cloak currently unavailable)
rCorr   .            (gloves currently unavailable)
SInv    +            (no barding)
Will    .....        (no amulet)
Stlth   +            (no ring)
HPRegen 0.26/turn    (no ring)
MPRegen 0.09/turn

%: no passive effects
@: beast-form, very slow
A: beast (slay +1), AC +1, large, see invisible, deformed body, poison
resistance, slowness 2, spit poison 1, naga tail 1
a: Spit Poison, Begin Untransformation, Renounce Religion, Channel Magic


You were in an ossuary.
You worshipped Sif Muna.
Sif Muna was pleased with you.
You were a hulking beast.
You visited 1 branch of the dungeon, and saw 3 of its levels.
You also visited: Ossuary.

You collected 94 gold pieces.


Innate Abilities, Weirdness & Mutations

You are a hulking beast.
Your limbs bulge with bestial killing power. (Slay +1)
Your serpentine skin is tough. (AC +1)
You have supernaturally acute eyesight. (SInv)
Armour fits poorly on your strangely shaped body.
Your system is resistant to poisons. (rPois)
You cover ground very slowly.
You can spit poison.
You have a snake-like lower body.


   Skills:
 - Level 1.0 Fighting
 - Level 1.5 Dodging
 + Level 5.0 Unarmed Combat
 - Level 3.0 Shapeshifting


You had 3 spell levels left.
You didn't know any spells.
Your spell library contained the following spells:

 Spells                   Type           Power      Damage    Failure   Level
 Sublimation of Blood     Necr           0%         N/A       43%         2
 Petrify                  Alch/Erth      0%         N/A       97%         4
 Irradiate                Conj/Alch      0%         3d11      100%        5

Inventory:

Armour
 a - a +0 animal skin (worn)
 l - a scarf of shadows
Talismans
 c - a beast talisman
 d - a flux talisman
Scrolls
 f - 2 scrolls of immolation {unknown}
 h - a scroll of noise {unknown}
 i - a scroll of vulnerability {unknown}
 j - a scroll of fear {unknown}
 k - a scroll of blinking {unknown}
 m - 2 scrolls of revelation {unknown}
Potions
 b - a potion of lignification
 e - a potion of curing {unknown}
 g - a potion of enlightenment {unknown}
 n - a potion of brilliance {unknown}

Dungeon Overview and Level Annotations

Branches:
Dungeon (4/15)            Ossuary (1/1)
 Temple: D:4-7

Altars:
Sif Muna

.........
........
......
▒....▒
▒....▒
▒....▒
▒....▒
▒..MM▒
▒...h▒
▒....▒
▒....▒
▒.∩∩.▒
▒▒▒▒▒▒


You could see 2 mummies.


Message History

A hobgoblin zombie comes into view.
You hit the hobgoblin zombie.
The hobgoblin zombie is heavily damaged.
You completely miss the hobgoblin zombie.
The hobgoblin zombie is heavily damaged.
The hobgoblin zombie hits you but does no damage.
You hit the hobgoblin zombie.
You destroy the hobgoblin zombie!
Sif Muna accepts your kill. 2 mummies and a kobold zombie come into view.
The kobold zombie moves out of view.
You punch the kobold zombie!
You destroy the kobold zombie!
Sif Muna accepts your kill.
You hit the mummy.
The mummy is moderately damaged.
You hit the mummy.
The mummy is heavily damaged.
The mummy closely misses you.
You barely miss the mummy.
The mummy is heavily damaged.
The mummy hits you! The mummy hits you.
You punch the mummy!
The mummy is almost destroyed.
You hit the mummy but do no damage.
The mummy is almost destroyed.
The mummy hits you!
* * * LOW HITPOINT WARNING * * *
The mummy hits you!
You die...

Skill      XL: |  1  2  3  4 |
---------------+-------------+-----
Unarmed Combat | 4 5 |  5.0
Fighting       | |  1.0
Dodging        | |  1.5
Shapeshifting  | |  3.0

Action                     |  1- 3 |  4- 6 || total
---------------------------+-------+-------++-------
  Melee: Unarmed           |    85 |    22 ||   107
         Punch             |     2 |       ||     2
Ability: Spit Poison       |    15 |     6 ||    21
 Armour: Animal skin       |    41 |    12 ||    53
  Dodge: Dodged            |    25 |     6 ||    31

Levels and vault maps discovered:
D:1:      heliophobic_arrival_battle_scene, layout_basic,
          ebering_ecumenical_altar_webs, amcnicky_mini_rare_corridor_liquid
D:2:      layout_basic
D:4:      layout_rooms, lightli_sewer_entry_pipes, nicolae_ossuary_entry_plus,
          nicolae_shop_fire_sale [nicolae_sub_dead_trees],
          uniq_crazy_yiuf_cottage, uniq_blork_the_orc, uniq_sigmund
Ossuary:  ossuary_tomb_3

Notes
Turn   | Place    | Note
-------+----------+-------------------------------------------
     0 | D:1      | Drazool the Naga Shapeshifter began the quest for the Orb.
     0 | D:1      | Reached XP level 1. HP: 18/18 MP: 1/1
   154 | D:1      | Reached XP level 2. HP: 19/25 MP: 2/2
   210 | D:1      | Found a faded altar of an unknown god.
   256 | D:1      | Prayed at the altar of an unknown god.
   256 | D:1      | Became a worshipper of Sif Muna the Loreminder
   256 | D:1      | Reached * piety under Sif Muna
   654 | D:2      | Reached skill level 4 in Unarmed Combat
   654 | D:2      | Reached XP level 3. HP: 7/31 MP: 3/3
  1363 | D:2      | Reached XP level 4. HP: 38/38 MP: 4/4
  1535 | D:2      | You fall into a shaft and drop 2 floors!
  1538 | D:4      | Found a sand-covered staircase.
  1544 | Ossuary  | Entered an ossuary
  1556 | Ossuary  | Reached skill level 5 in Unarmed Combat
  1557 | Ossuary  | Reached ** piety under Sif Muna
  1587 | Ossuary  | Slain by a mummy

Vanquished Creatures
  3 adders (D:2)
  A dart slug (D:2)
  A bat (D:2)
  6 endoplasms
  4 giant cockroaches (D:2)
  3 goblins
  2 hobgoblins
  3 jackals (D:2)
  5 kobolds
  2 quokkas (D:1)
  2 ball pythons
  2 frilled lizards (D:1)
  2 gnoll zombies (Ossuary)
  2 hobgoblin zombies (Ossuary)
  A kobold zombie (Ossuary)
  5 rats
44 creatures vanquished.

Table legend: (Time is in decaauts)
 A = Elapsed time spent in this place.
 B = Non-inter-level travel time spent in this place.
 C = Inter-level travel time spent in this place.
 D = Time resting spent in this place.
 E = Time spent auto-exploring this place.
 F = Levels seen in this place.
 G = Mean time per level.
                   A        B        C        D        E       F      G
               +--------+--------+--------+--------+--------+-----+--------+
         Total |   1995 |   1975 |     20 |     10 |   1509 |   4 |  498.8 |
       Dungeon |   1948 |   1928 |     20 |     10 |   1509 |   3 |  649.3 |
       Ossuary |     47 |     47 |      0 |      0 |      0 |   1 |   47.0 |
               +--------+--------+--------+--------+--------+-----+--------+

Top non-repeatable levels by time:
     D:2: 1260 daAuts
     D:1: 676 daAuts
 Ossuary: 47 daAuts
     D:4: 11 daAuts

Table legend:
 A = Non-vault XP
 B = Vault XP
 C = Vault XP percentage of total XP
 D = Non-vault monster count
 E = Vault monster count
 F = Vault count percentage of total count
                 A         B        C        D         E       F
            +---------+---------+-------+---------+---------+-------
      Total |     101 |       6 |   5.6 |      39 |       5 |  11.4
            +---------+---------+-------+---------+---------+-------
        D:1 |      19 |       0 |   0.0 |      13 |       0 |   0.0
        D:2 |      82 |       0 |   0.0 |      26 |       0 |   0.0
    Ossuary |       0 |       6 | 100.0 |       0 |       5 | 100.0
            +---------+---------+-------+---------+---------+-------
